 Dungeon Crawl Stone Soup version 0.26-a0-663-g36e8fdb655 (webtiles) character file.

Game seed: 4848549459268513781

7261 jasper the Grappler (level 11, -13/58 HPs)
             Began as a Vine Stalker Fighter on Oct 12, 2020.
             Was a High Priest of Cheibriados.
             Killed by divine providence
             ... invoked by an orc priest
             ... summoned by an orange crystal statue
              (14 damage)
             ... on level 10 of the Dungeon.
             The game lasted 00:17:18 (8853 turns).

jasper the Grappler (Vine Stalker Fighter)          Turns: 8853, Time: 00:17:19

Health: -13/58     AC:  9    Str: 30    XL:     11   Next: 12%
Magic:  0/15       EV: 11    Int: 22    God:    Cheibriados [*****.]
Gold:   403        SH: 20    Dex: 25    Spells: 3/10 levels left

rFire    + . .     SeeInvis +     - Unarmed
rCold    . . .     Faith    .   R - +2 tower shield
rNeg     . . .     Spirit   +   u - +2 ring mail {rF+}
rPois    .         Reflect  .   F - +0 helmet
rElec    .         Harm     .   (no cloak)
rCorr    .         Rampage  .   E - +0 pair of gloves
MR       ++...                  (no boots)
Stlth    +.........             o - amulet of magic regeneration
HPRegen  0.59/turn              d - ring of protection from magic
MPRegen  0.39/turn              y - ring of see invisible

@: very slow
A: fangs 3, regeneration 1, screaming 1, magic shield, antimagic bite, no potion
heal 3, rot immunity, MP-powered wands
a: Bend Time, Temporal Distortion, Slouch, Step From Time, Renounce Religion


You were on level 10 of the Dungeon.
You worshipped Cheibriados.
Cheibriados was extremely pleased with you.
You visited 2 branches of the dungeon, and saw 11 of its levels.
You also visited: Ossuary.

You collected 766 gold pieces.
You spent 363 gold pieces at shops.

Inventory:

Missiles
 h - 397 stones
 l - 40 poisoned darts
 z - a boomerang (quivered)
Armour
 a - a +0 scale mail
 b - a +2 kite shield
 u - a +2 ring mail of fire resistance (worn)
 E - a +0 pair of gloves (worn)
 F - a +0 helmet (worn)
 R - a +2 tower shield (worn)
Jewellery
 c - a -4 ring of dexterity
 d - a ring of protection from magic (left hand)
 e - an uncursed amulet of faith
 i - an uncursed ring of flight
 o - an amulet of magic regeneration (around neck)
 s - an uncursed ring of magical power
 v - an uncursed amulet of magic regeneration
 y - a ring of see invisible (right hand)
 Q - an uncursed ring of magical power
Wands
 n - a wand of iceblast (12)
 B - a wand of disintegration (10)
Scrolls
 f - 6 scrolls of amnesia
 k - 3 scrolls of fog
 p - a scroll of holy word
 r - a scroll of noise
 w - 3 scrolls of enchant weapon
 x - a scroll of teleportation
 C - a scroll of immolation
 G - 2 scrolls of fear
 I - 3 scrolls of remove curse
 J - a scroll of silence
 K - 2 scrolls of random uselessness {unknown}
 L - 7 scrolls of identify
 O - 4 scrolls of magic mapping
 P - a scroll of enchant armour
Potions
 g - 2 potions of haste
 j - 5 potions of stabbing
 m - 2 potions of mutation
 q - 5 potions of curing
 t - 4 potions of brilliance
 A - 5 potions of heal wounds
 H - a potion of might
 M - a potion of invisibility
 N - 2 potions of flight


   Skills:
 + Level 7.4 Fighting
 - Level 2.4 Armour
 - Level 4.6 Dodging
 - Level 6.0 Shields
 * Level 10.8 Unarmed Combat
 + Level 4.5 Translocations
 + Level 4.4 Invocations


You had 3 spell levels left.
You knew the following spells:

 Your Spells              Type           Power        Failure   Level
a - Blink                 Tloc           N/A          54%         2
b - Yara's Violent Unrav  Hex/Tmut       #.........   100%        5

Your spell library contained the following spells:

 Spells                   Type           Power        Failure   Level
 Gell's Gravitas          Tloc           ###.......   78%         3
 Magic Dart               Conj           #...         95%         1
 Call Imp                 Summ           #.......     99%         2
 Slow                     Hex            #.......     99%         2
 Confusing Touch          Hex            #.......     100%        3
 Conjure Flame            Conj/Fire      #.......     100%        3
 Mephitic Cloud           Conj/Pois/Air  #.......     100%        3
 Cause Fear               Hex            #.........   100%        4
 Petrify                  Tmut/Erth      #.......     100%        4
 Metabolic Englaciation   Hex/Ice        #.........   100%        5
 Silence                  Hex/Air        #.........   100%        5
 Discord                  Hex            #.........   100%        8


Dungeon Overview and Level Annotations

Branches:
Dungeon (10/15)            Temple (1/1) D:6            Lair (0/6) D:9
    Orc (0/2) D:9         Ossuary (visited)

Altars:
Ashenzari
Cheibriados
Elyvilon
Fedhas
Gozag
Hepliaklqana
Nemelex Xobeh
Okawaru
Trog
Uskayaw
Wu Jian
Xom
Yredelemnul
Zin

Shops:
D:4 :   D:6 *(   D:8 ?

Annotations:
D:5 2 transporters, om's ghost, novice DrTm
D:10 1 runed translucent door, exclusion: 4 orange crystal statues


Innate Abilities, Weirdness & Mutations

You have razor-sharp teeth.
Your natural rate of healing is unusually fast.
When hurt, damage is shared between your health and your magic reserves.
Your bite disrupts and absorbs the magic of your enemies.
Potions cannot restore your health.
You are immune to rotting.
You occasionally shout uncontrollably at your foes.
You expend magic power (3 MP) to strengthen your wands.


Message History

The orc wizard flickers and vanishes for a moment.
You block the orc warrior's attack. You block the centaur's attack.
The two-headed ogre hits you with a +0 giant club.
* * * LOW HITPOINT WARNING * * *
You block the two-headed ogre's attack. The wyvern bites you!
* * * LOW HITPOINT WARNING * * *
The orc priest hits you but does no damage.
The jelly barely misses you.
You take 14 damage, and have 1/58 hp.
MASSIVE DAMAGE!!
Unknown command.
Unknown command.
Unknown command.
You punch the two-headed ogre! You bite the two-headed ogre.
You drain its power.
The two-headed ogre is almost dead.
You block the centaur's attack. The wyvern barely misses you.
You block the ogre's attack. The orc warrior closely misses you.
The orc priest invokes the aid of Beogh against you.
Beogh smites you!
You die...

#### ### ## #... ... .#
##... .. .# #...#########
.# #...#8.....8# .#
#.#.#.#...#.# .#
#.#.#.......#.# .#
#...'.clO...+.#
.#########...#cJ@oo).#.#
.............#.#Oo.#.#.#
.............#8.....8#.##
####+#####(..#########..#
#..............#
#.....#...#.#..###
+.....#...#......#
#.....#####......#
##########............#####


You could see 2 orange crystal statues, a two-headed ogre (summoned), an orc
warrior (summoned), a wyvern (summoned), an ogre (summoned), 2 centaurs, a jelly
(summoned), an orc priest (summoned) and an orc wizard (summoned, fast,
invisible).

Vanquished Creatures
  Pikel (D:9)
  A deep elf mage (D:9)
  A wyvern (D:8)
  Sigmund (D:3)
  3 water moccasins
  5 black bears
  4 ogres
  2 ice beasts
  2 phantoms
  7 orc warriors
  2 necrophages
  A lemure (D:9)
  2 centaurs
  6 bullfrogs
  2 elf skeletons (D:8)
  5 water moccasin zombies
  Dowan (D:5)
  5 killer bees (D:10)
  5 scorpions
  2 howler monkeys
  3 wights
  3 hounds
  A centaur zombie (D:9)
  A jelly (D:8)
  2 centaur skeletons
  2 human skeletons (D:8)
  A human zombie (D:8)
  12 orc priests
  A gnoll shaman (D:7)
  10 orc wizards
  A bullfrog skeleton (D:5)
  3 iguanas
  Jessica (D:3)
  10 worker ants
  Natasha (twice) (D:2)
  4 big kobold zombies (Ossuary)
  2 hound zombies
  A hound skeleton (D:6)
  2 mummies (Ossuary)
  A howler monkey zombie (D:5)
  12 gnolls
  9 adders
  2 shadow imps
  3 white imps
  2 ufetubi (D:5)
  An ooze (D:3)
  5 adder zombies
  2 worms (D:2)
  4 dart slugs
  5 leopard geckos
  36 orcs
  4 giant cockroaches
  4 goblins
  4 hobgoblins
  11 jackals
  4 quokkas
  A ball python (D:3)
  4 bats
  10 frilled lizards
  5 gnoll zombies (Ossuary)
  7 hobgoblin zombies (Ossuary)
  A jackal skeleton (D:7)
  6 kobolds
  5 kobold zombies (Ossuary)
  An orc skeleton (D:8)
  6 orc zombies (Ossuary)
  4 rats
279 creatures vanquished.

Vanquished Creatures (others)
  19 fungi (D:9)
  15 plants (D:9)
34 creatures vanquished.

Grand Total: 313 creatures vanquished

Notes
Turn   | Place    | Note
-------+----------+-------------------------------------------
     0 | D:1      | jasper the Vine Stalker Fighter began the quest for the
                  | Orb.
     0 | D:1      | Reached XP level 1. HP: 11/11 MP: 2/2
   247 | D:1      | Reached XP level 2. HP: 16/16 MP: 3/3
   884 | D:2      | Reached XP level 3. HP: 18/19 MP: 2/4
   927 | D:2      | Reached skill level 1 in Dodging
   927 | D:2      | Reached skill level 3 in Unarmed Combat
  1003 | D:2      | Gained mutation: Your natural rate of healing is unusually
                  | fast. [Vine Stalker growth]
  1003 | D:2      | Reached XP level 4. HP: 24/24 MP: 5/5
  1163 | D:2      | You fall into a shaft and drop 1 floor!
  1167 | D:3      | Found a white marble altar of Elyvilon.
  1193 | D:3      | Noticed Jessica
  1206 | D:3      | Killed Jessica
  1581 | D:2      | Reached XP level 5. HP: 25/28 MP: 6/6
  1944 | D:2      | Noticed Natasha
  1952 | D:2      | Killed Natasha
  2056 | D:3      | Noticed Sigmund
  2101 | D:3      | Killed Sigmund
  2101 | D:3      | Reached skill level 4 in Unarmed Combat
  2101 | D:3      | Reached XP level 6. HP: 17/33 MP: 7/7
  2608 | D:4      | Found Picunlir's Book Boutique.
  2769 | D:4      | Reached XP level 7. HP: 37/37 MP: 8/8
  3036 | D:4      | Reached skill level 5 in Unarmed Combat
  3500 | D:5      | Entered Level 5 of the Dungeon
  3500 | D:5      | Noticed Dowan
  4014 | D:5      | Found a transporter.
  4027 | D:5      | Gained mutation: You occasionally shout uncontrollably at
                  | your foes. [potion of mutation]
  4027 | D:5      | Gained mutation: You expend magic power (3 MP) to
                  | strengthen your wands. [potion of mutation]
  4061 | D:5      | Killed Dowan
  4110 | D:6      | Found Kiveod's Antique Weapon Shop.
  4230 | D:2      | Noticed Natasha
  4247 | D:2      | Killed Natasha
  4347 | D:5      | Found a transporter.
  4347 | D:5      | Noticed om's ghost (novice DrTm)
  4408 | D:5      | Gained mutation: You have razor-sharp teeth. [Vine Stalker
                  | growth]
  4408 | D:5      | Reached XP level 8. HP: 42/42 MP: 7/9
  4412 | D:5      | Reached skill level 6 in Unarmed Combat
  4872 | D:6      | Reached skill level 5 in Shields
  4889 | D:6      | Reached skill level 5 in Fighting
  4916 | D:6      | Reached skill level 7 in Unarmed Combat
  5046 | D:6      | Found Bius's Assorted Antiques.
  5049 | D:6      | Bought a wand of paralysis (2) for 48 gold pieces
  5049 | D:6      | Bought a scroll labeled VERRYATYHA for 24 gold pieces
  5049 | D:6      | Bought a glowing black potion for 21 gold pieces
  5049 | D:6      | Bought a glass wand for 96 gold pieces
  5049 | D:6      | Bought a scroll of identify for 48 gold pieces
  5073 | D:6      | Found a staircase to the Ecumenical Temple.
  5084 | Temple   | Entered the Ecumenical Temple
  5173 | Temple   | Became a worshipper of Cheibriados the Contemplative
  5329 | D:6      | Learned a level 2 spell: Blink
  5417 | D:6      | Reached XP level 9. HP: 47/47 MP: 10/10
  5753 | D:7      | Found an opulent altar of Gozag.
  5799 | D:7      | Reached * piety under Cheibriados
  6217 | D:8      | Reached skill level 8 in Unarmed Combat
  6373 | D:8      | Reached ** piety under Cheibriados
  6426 | D:8      | Found Nionuat's Magic Scroll Shoppe.
  6431 | D:8      | Bought a scroll of remove curse for 36 gold pieces
  6431 | D:8      | Bought a scroll of silence for 90 gold pieces
  6564 | D:8      | Found a sand-covered staircase.
  6583 | Ossuary  | Entered an ossuary
  6637 | Ossuary  | Reached skill level 1 in Translocations
  6637 | Ossuary  | Reached skill level 1 in Invocations
  6671 | Ossuary  | Reached skill level 9 in Unarmed Combat
  6722 | Ossuary  | Reached XP level 10. HP: 53/53 MP: 12/12
  6732 | Ossuary  | Reached *** piety under Cheibriados
  7532 | D:9      | Found a staircase to the Lair.
  7537 | D:9      | Noticed a deep elf mage
  7561 | D:9      | Killed a deep elf mage
  7612 | D:9      | Noticed Pikel
  7626 | D:9      | Killed Pikel
  7626 | D:9      | Reached skill level 10 in Unarmed Combat
  7715 | D:9      | Reached **** piety under Cheibriados
  8175 | D:9      | Found a staircase to the Orcish Mines.
  8295 | D:10     | Entered Level 10 of the Dungeon
  8442 | D:10     | Reached XP level 11. HP: 51/58 MP: 12/15
  8586 | D:10     | Reached ***** piety under Cheibriados
  8614 | D:10     | Learned a level 5 spell: Yara's Violent Unravelling
  8832 | D:10     | Found the +10 tower shield of Ignorance {rN+ Int-4}
  8837 | D:10     | Found a runed translucent door.
  8843 | D:10     | Noticed an orange crystal statue
  8843 | D:10     | Noticed an orange crystal statue
  8843 | D:10     | Noticed an orange crystal statue
  8843 | D:10     | Noticed an orange crystal statue
  8844 | D:10     | Found a runed translucent door.
  8847 | D:10     | Noticed a two-headed ogre
  8852 | D:10     | HP: 1/58 [wyvern[an orange crystal statue] (10)]
  8853 | D:10     | Killed from afar by an orc priest

Illustrated notes

Levels and vault maps discovered:
D:1:      co_arrival_random_square_maze, layout_basic
D:2:      layout_loops_ring, uniq_natasha
D:3:      layout_loops_ring, minivault_5, minmay_misc_feat_chi,
          elyvilon_altar_3, uniq_jessica, uniq_sigmund
D:4:      layout_gridville, serial_shops, shop
D:5:      layout_loops_ring, gammafunk_ghost_mausoleum, uniq_duvessa
D:6:      layout_cave_pools, minmay_temple_entry_slanted, serial_shops, shop,
          nicolae_shop_behind_doors
D:7:      layout_cave_pools, grunt_gozag_breadcrumbs
D:8:      layout_cave_pods, serial_shops, kennysheep_little_box,
          nicolae_ossuary_entry_catacombs
D:9:      layout_basic, due_lair_maze_entry_diamond, david_orc_4, uniq_pikel
D:10:     lemuel_ogre_cave, layout_irregular_city,
          chequers_guarded_unrand_ignorance
Temple:   kilobyte_greek_temple

Skill      XL: |  1  2  3  4  5  6  7  8  9 10 |
---------------+-------------------------------+-----
Fighting       | 3 4 5 6 7 |  7.4
Shields        | 3 4 5 6 |  6.0
Dodging        | 1 2 3 4 |  4.6
Unarmed Combat | 3 4 5 7 9 10 | 10.8
Translocations | 1 4 |  4.5
Invocations    | 1 4 |  4.4
Armour         | |  2.4

Action                   |  1- 3 |  4- 6 |  7- 9 | 10-12 || total
-------------------------+-------+-------+-------+-------++-------
Melee: Unarmed           |    78 |   179 |   584 |   243 ||  1084
       Bite              |    25 |    50 |   168 |   117 ||   360
Throw: Stone             |     8 |     6 |     6 |       ||    20
       Boomerang         |       |       |    46 |     1 ||    47
Evoke: Wand              |       |     1 |    10 |     5 ||    16
  Use: Potion            |     1 |       |    10 |     1 ||    12
       Scroll            |       |    11 |     4 |     1 ||    16
 Stab: Paralysed         |       |     3 |     7 |       ||    10
       Sleeping          |       |       |     7 |       ||     7
       Invisible         |       |       |     1 |       ||     1
Armor: Scale mail        |    35 |    26 |       |       ||    61
       Ring mail         |       |     9 |   158 |    48 ||   215
Dodge: Dodged            |    18 |    28 |   174 |   121 ||   341
Block: Kite shield       |    24 |    54 |   311 |   168 ||   557
       Tower shield      |       |       |       |    31 ||    31

Table legend: (Time is in decaauts)
 A = Elapsed time spent in this place.
 B = Non-inter-level travel time spent in this place.
 C = Inter-level travel time spent in this place.
 D = Time resting spent in this place.
 E = Time spent auto-exploring this place.
 F = Levels seen in this place.
 G = Mean time per level.
                   A        B        C        D        E       F      G
               +--------+--------+--------+--------+--------+-----+--------+
         Total |  10200 |   9754 |    446 |    501 |   7007 |  12 |  850.0 |
       Dungeon |   9852 |   9443 |    409 |    501 |   6819 |  10 |  985.2 |
        Temple |    128 |     91 |     37 |      0 |     85 |   1 |  128.0 |
       Ossuary |    219 |    219 |      0 |      0 |    103 |   1 |  219.0 |
               +--------+--------+--------+--------+--------+-----+--------+

Top non-repeatable levels by time:
     D:8: 1443 daAuts
     D:9: 1280 daAuts
     D:5: 1070 daAuts
     D:3: 1015 daAuts
     D:4: 989 daAuts
     D:7: 919 daAuts
     D:1: 867 daAuts
     D:2: 859 daAuts
    D:10: 827 daAuts
     D:6: 578 daAuts
 Ossuary: 219 daAuts
  Temple: 128 daAuts
